 Dungeon Crawl Stone Soup version 0.31-a0-981-geadf994542 (webtiles) character file.

Game seed: 703493638091830191

387 Lobster4 the Slicer (level 6, -9/9 HPs)
             Began as a Gnoll Wanderer on Nov 1, 2023.
             Mangled by a sleepcap (14 damage)
             ... on level 5 of the Dungeon.
             The game lasted 00:17:29 (2884 turns).

Lobster4 the Slicer (Gnoll Wanderer)                Turns: 2884, Time: 00:17:29

Health: -9/9       AC:  2    Str: 12    XL:     6   Next: 78%
Magic:  11/11      EV:  2    Int: 13    God:
Gold:   286        SH:  0    Dex: 11    Spells: 11/12 levels left

rFire   . . .        a - +2 short sword
rCold   . . .        (no shield)
rNeg    . . .        m - melded +0 ring mail
rPois   .            r - +0 helmet
rElec   .            (no cloak)
rCorr   .            j - +0 pair of gloves
SInv    .            (no boots)
Will    .....        (no amulet)
Stlth   ++           i - +5 ring of evasion
HPRegen 0.21/turn    (no ring)
MPRegen 0.12/turn

%: no passive effects
@: maw-form, sleeping
A: devouring maw, reduced hp, fangs 1, strong nose, distributed training
a: Begin Untransformation


You were on level 5 of the Dungeon.
You were a creature with a mouth for a stomach.
You visited 1 branch of the dungeon, and saw 5 of its levels.

You collected 286 gold pieces.

Inventory:

Hand Weapons
 a - a +2 short sword (weapon)
 b - a +0 sling
 l - a +0 hand axe
 o - a +0 spear
 x - a +0 orcbow
 C - a +0 war axe
Armour
 d - a +0 scale mail
 j - a +0 pair of gloves (worn)
 m - a +0 ring mail (melded)
 r - a +0 helmet (worn)
Magical Staves
 y - a staff of conjuration
Jewellery
 i - a +5 ring of evasion (left hand)
 A - a ring of ice
Talismans
 t - a maw talisman (active)
Wands
 p - a wand of digging (3)
 B - a wand of paralysis (11)
Scrolls
 g - a scroll of enchant weapon {unknown}
 h - 2 scrolls of teleportation
 n - 3 scrolls of silence {unknown}
 q - a scroll of revelation {unknown}
 v - a scroll of immolation {unknown}
Potions
 c - 2 potions of haste
 e - 3 potions of curing
 f - 2 potions of lignification
 k - a potion of magic
 s - 2 potions of heal wounds
 u - 2 potions of might
 w - a potion of brilliance
 z - a potion of berserk rage


   Skills:
 + Level 3.4 Fighting
 + Level 8.8 Short Blades
 + Level 2.1 Long Blades
 + Level 2.1 Axes
 + Level 2.1 Maces & Flails
 + Level 2.1 Polearms
 + Level 2.1 Staves
 + Level 2.1 Ranged Weapons
 + Level 2.1 Throwing
 + Level 3.4 Armour
 + Level 2.1 Dodging
 + Level 3.2 Stealth
 + Level 2.1 Shields
 + Level 2.1 Unarmed Combat
 + Level 3.5 Spellcasting
 + Level 1.7 Conjurations
 + Level 1.7 Hexes
 + Level 1.7 Summonings
 + Level 1.7 Necromancy
 + Level 2.7 Translocations
 + Level 1.7 Transmutations
 + Level 1.7 Fire Magic
 + Level 1.7 Ice Magic
 + Level 1.7 Air Magic
 + Level 1.7 Earth Magic
 + Level 1.7 Poison Magic
 + Level 2.4 Invocations
 + Level 3.4 Evocations
 + Level 2.0 Shapeshifting


You had 11 spell levels left.
You knew the following spells:

 Your Spells              Type           Power      Damage    Failure   Level
a - Apportation           Tloc           18%        N/A       7%          1

Your spell library contained the following spells:

 Spells                   Type           Power      Damage    Failure   Level
 Ensorcelled Hibernation  Hex/Ice        12%        N/A       16%         2
 Jinxbite                 Hex            12%        N/A       16%         2
 Gell's Gravitas          Tloc           9%         N/A       21%         3
 Anguish                  Hex/Necr       3%         N/A       71%         4


Dungeon Overview and Level Annotations

Branches:
Dungeon (5/15)
 Temple: D:4-7

Altars:
Dithmenos
Kikubaaqudgha
Zin

Shops:
D:4 *


Innate Abilities, Weirdness & Mutations

You are a creature with a mouth for a stomach.
Your midsection houses a second, enormous mouth.
Your maximum health is decreased, since you lack skill for your form.
You have very sharp teeth.
Your uncanny sense of smell can sniff out nearby items.
Your experience applies equally to all skills.


Message History

a - a +2 short sword (weapon)
The helpless water moccasin fails to defend itself.
You impale the water moccasin!!
You kill the water moccasin!
Your Long Blades skill increases to level 2!
Your Axes skill increases to level 2!
Your Maces & Flails skill increases to level 2!
Your Polearms skill increases to level 2!
Your Staves skill increases to level 2!
Your Ranged Weapons skill increases to level 2!
Your Throwing skill increases to level 2!
Your Dodging skill increases to level 2!
Your Shields skill increases to level 2!
Your Unarmed Combat skill increases to level 2!
Your Shapeshifting skill increases to level 2!
i - a +5 ring of evasion (left hand) Welcome back, Lobster4 the Gnoll Wanderer.
Press ? for a list of commands and other information.
You begin transforming.
You continue transforming. x3
You turn into a creature with a mouth for a stomach.
Your +0 ring mail melds into your body.
HP restored.
Found an escape hatch in the floor.
A sleepcap comes into view.
Found 13 gold pieces.
The sleepcap closely misses you.
You hit the sleepcap.
The sleepcap is lightly damaged.
The sleepcap closely misses you.
You hit the sleepcap but do no damage. You bite the sleepcap.
The sleepcap is moderately damaged.
You hit the sleepcap but do no damage.
You bite the sleepcap, but do no damage.
You bite the sleepcap.
The sleepcap is moderately damaged.
The sleepcap releases spores at you.
You are engulfed in a cloud of soporific spores!
You fall asleep.
The sleepcap releases spores at you!
Ouch! That really hurt!
You die...

.)......# ........#....#
..# ........#....+...#
#.#######........###+##.
#.#######..# ..#........
...#.......# .#........
...'.......####....$....
...#..†....#....f.......
...#.......##.#.W.......
..##..####..............
#+##### #....###########
#....# #....# #.>..#
+....# ∆ #....# ..####


You could see a sleepcap.

Vanquished Creatures
  A water moccasin (D:5)
  A centaur (D:4)
  Jessica (D:3)
  An orc wizard (D:4)
  Robin (D:3)
  5 adders
  3 worms (D:3)
  4 dart slugs
  6 orcs
  4 ball pythons
  4 endoplasms
  3 giant cockroaches
  13 goblins
  8 hobgoblins
  4 quokkas
  7 bats
  2 frilled lizards
  3 rats
71 creatures vanquished.

Notes
Turn   | Place    | Note
-------+----------+-------------------------------------------
     0 | D:1      | Lobster4 the Gnoll Wanderer began the quest for the Orb.
     0 | D:1      | Lobster4 set off with the following items: a +2 short
                  | sword, a +0 ring mail, a potion of haste; and the following
                  | spell memorised: Apportation; and the following spells
                  | available to memorise: Gell's Gravitas.
     0 | D:1      | Reached XP level 1. HP: 17/17 MP: 4/4
   125 | D:1      | Reached XP level 2. HP: 19/23 MP: 5/5
   697 | D:2      | Reached XP level 3. HP: 28/28 MP: 7/7
  1019 | D:2      | Reached skill level 1 in Invocations
  1153 | D:2      | Found an ancient bone altar of Kikubaaqudgha.
  1348 | D:3      | Found an ancient bone altar of Kikubaaqudgha.
  1348 | D:3      | Noticed Jessica
  1361 | D:3      | Killed Jessica
  1362 | D:3      | Reached skill level 1 in Long Blades
  1362 | D:3      | Reached skill level 1 in Axes
  1362 | D:3      | Reached skill level 1 in Maces & Flails
  1362 | D:3      | Reached skill level 1 in Polearms
  1362 | D:3      | Reached skill level 1 in Staves
  1362 | D:3      | Reached skill level 1 in Ranged Weapons
  1362 | D:3      | Reached skill level 1 in Throwing
  1362 | D:3      | Reached skill level 1 in Dodging
  1362 | D:3      | Reached skill level 1 in Shields
  1362 | D:3      | Reached skill level 1 in Unarmed Combat
  1362 | D:3      | Reached skill level 1 in Shapeshifting
  1362 | D:3      | Reached XP level 4. HP: 26/34 MP: 8/8
  1381 | D:3      | Noticed Robin
  1609 | D:3      | Reached skill level 1 in Conjurations
  1609 | D:3      | Reached skill level 1 in Hexes
  1609 | D:3      | Reached skill level 1 in Summonings
  1609 | D:3      | Reached skill level 1 in Necromancy
  1609 | D:3      | Reached skill level 1 in Transmutations
  1609 | D:3      | Reached skill level 1 in Fire Magic
  1609 | D:3      | Reached skill level 1 in Ice Magic
  1609 | D:3      | Reached skill level 1 in Air Magic
  1609 | D:3      | Reached skill level 1 in Earth Magic
  1609 | D:3      | Reached skill level 1 in Poison Magic
  1745 | D:3      | Killed Robin
  1756 | D:3      | Reached XP level 5. HP: 37/40 MP: 9/9
  2176 | D:4      | Noticed a centaur
  2179 | D:4      | Killed a centaur
  2275 | D:4      | Found Zin's Purification Station.
  2279 | D:4      | Found a glowing silver altar of Zin.
  2297 | D:4      | Reached XP level 6. HP: 42/47 MP: 9/11
  2393 | D:4      | Found a shadowy altar of Dithmenos.
  2803 | D:5      | Entered Level 5 of the Dungeon
  2857 | D:5      | Noticed a water moccasin
  2863 | D:5      | Killed a water moccasin
  2884 | D:5      | Mangled by a sleepcap

Illustrated notes

Levels and vault maps discovered:
D:1:      minmay_arrival_stone_box, layout_rooms, minmay_tromino_i2
D:2:      layout_basic, basic_altar
D:3:      layout_loops_cross, mainiacjoe_overflow_small_starburst, uniq_jessica,
          uniq_robin
D:4:      layout_gridville, mainiacjoe_overflow_paths, zin_purify,
          chequers_serial_rivers_large_a
D:5:      layout_gridville, nicolae_vehumet_altar_sigil, gammafunk_ghost_smash,
          minmay_misc_feat_square, minmay_tree_intersection, uniq_ijyb,
          uniq_menkaure, uniq_duvessa

Skill      XL: |  1  2  3  4  5  6 |
---------------+-------------------+-----
Translocations | 2 |  2.7
Invocations    | 1 2 |  2.4
Long Blades    | 1 2 |  2.1
Axes           | 1 2 |  2.1
Maces & Flails | 1 2 |  2.1
Polearms       | 1 2 |  2.1
Staves         | 1 2 |  2.1
Ranged Weapons | 1 2 |  2.1
Throwing       | 1 2 |  2.1
Dodging        | 1 2 |  2.1
Shields        | 1 2 |  2.1
Unarmed Combat | 1 2 |  2.1
Shapeshifting  | 1 2 |  2.0
Spellcasting   | 3 |  3.5
Conjurations   | 1 |  1.7
Hexes          | 1 |  1.7
Summonings     | 1 |  1.7
Necromancy     | 1 |  1.7
Transmutations | 1 |  1.7
Fire Magic     | 1 |  1.7
Ice Magic      | 1 |  1.7
Air Magic      | 1 |  1.7
Earth Magic    | 1 |  1.7
Poison Magic   | 1 |  1.7
Fighting       | 3 |  3.4
Armour         | 3 |  3.4
Evocations     | 3 |  3.4
Stealth        | 3 |  3.2
Short Blades   | |  8.8

Action                     |  1- 3 |  4- 6 || total
---------------------------+-------+-------++-------
  Melee: Short sword       |    54 |    68 ||   122
         Bite              |     3 |     5 ||     8
         Punch             |     1 |     3 ||     4
         Maw               |       |     2 ||     2
   Fire: Sling             |    33 |   133 ||   166
  Throw: Stone             |     4 |       ||     4
   Cast: Apportation       |     1 |       ||     1
  Evoke: Wand              |       |     1 ||     1
    Use: Scroll            |       |     8 ||     8
   Stab: Sleeping          |       |     2 ||     2
         Paralysed         |       |     1 ||     1
 Armour: Ring mail         |    36 |    51 ||    87
         Skin              |       |     2 ||     2
  Dodge: Dodged            |    27 |    48 ||    75
   Form: Maw               |       |     1 ||     1

Table legend: (Time is in decaauts)
 A = Elapsed time spent in this place.
 B = Non-inter-level travel time spent in this place.
 C = Inter-level travel time spent in this place.
 D = Time resting spent in this place.
 E = Time spent auto-exploring this place.
 F = Levels seen in this place.
 G = Mean time per level.
                   A        B        C        D        E       F      G
               +--------+--------+--------+--------+--------+-----+--------+
         Total |   2896 |   2801 |     95 |    111 |   2008 |   5 |  579.2 |
       Dungeon |   2896 |   2801 |     95 |    111 |   2008 |   5 |  579.2 |
               +--------+--------+--------+--------+--------+-----+--------+

Top non-repeatable levels by time:
     D:3: 926 daAuts
     D:2: 848 daAuts
     D:1: 521 daAuts
     D:4: 519 daAuts
     D:5: 80 daAuts
